 Dungeon Crawl Stone Soup version 0.23.2-33-g5129a83184 (webtiles) character file.

Game seed: 5625076341344560680

388 ANON1729 the Skirmisher (level 6, -9/50 HPs)
             Began as a Demonspawn Monk on Aug 11, 2019.
             Killed by divine providence
             ... invoked by an orc priest
              (15 damage)
             ... on level 3 of the Dungeon.
             The game lasted 00:06:42 (3048 turns).

ANON1729 the Skirmisher (Demonspawn Monk)           Turns: 3048, Time: 00:06:42

Health: -9/50      AC:  5    Str: 11    XL:     6   Next: 49%
Magic:  6/6        EV: 14    Int: 14    God:
Gold:   77         SH:  6    Dex: 15    Spells: 5/5 levels left

rFire    . . .     SeeInvis .   a - +0 spear
rCold    . . .     Gourm    .   (no shield)
rNeg     . . .     Faith    .   b - +0 robe
rPois    .         Spirit   .   (helmet restricted)
rElec    .         Reflect  +   (no cloak)
rCorr    .         Harm     .   (no gloves)
MR       +....                  e - +0 pair of boots
Stlth    +++.......             o - +6 amulet of reflection
HPRegen  0.16/turn              n - ring of protection from magic
MPRegen  0.10/turn              (no ring)

@: no status effects
A: horns 1, iridescent scales 1
a: no special abilities


You were on level 3 of the Dungeon.
You were not hungry.

You visited 1 branch of the dungeon, and saw 3 of its levels.
You also visited: Sewer.

You collected 77 gold pieces.

Inventory:

Hand Weapons
 a - a +0 spear (weapon)
Armour
 b - a +0 robe (worn)
 e - a +0 pair of boots (worn)
Jewellery
 n - a ring of protection from magic (left hand)
 o - a +6 amulet of reflection (around neck)
Wands
 j - a wand of flame (28)
Scrolls
 d - 5 scrolls of identify
 f - 3 scrolls of teleportation {unknown}
 g - 2 scrolls of fear {unknown}
 h - a scroll of enchant weapon {unknown}
 i - a scroll of remove curse {unknown}
 k - a scroll of enchant armour {unknown}
 l - 2 scrolls of blinking {unknown}
 p - a scroll of magic mapping {unknown}
Potions
 m - a potion of ambrosia {unknown}
Comestibles
 c - 5 rations


   Skills:
 * Level 4.9 Fighting
 - Level 3.5 Polearms
 + Level 4.1 Dodging
 + Level 3.6 Stealth


You had 5 spell levels left.
You didn't know any spells.
Your spell library was empty.

Dungeon Overview and Level Annotations

Branches:
Dungeon (3/15)

Altars:


Innate Abilities, Weirdness & Mutations

You have a pair of small horns on your head.
You are partially covered in iridescent scales. (AC +2)


Message History

Evoke which item? (* to show all) (? for menu, Esc to quit)
Aiming: Throw Flame
Press: ? - help, Shift-Dir - straight line, f/p - orc priest
Aim: an orc priest, wielding a +0 whip (moderately wounded)
The puff of flame hits the orc priest.
The orc priest is severely wounded.
The orc priest hits you with a +0 whip.
* * * LOW HITPOINT WARNING * * *
Evoke which item? (* to show all) (? for menu, Esc to quit)
Aiming: Throw Flame
Press: ? - help, Shift-Dir - straight line, f - orc, p - orc priest
Aim: an orc, wielding a +0 mace The puff of flame hits the orc priest.
You kill the orc priest!
You block the orc's attack.
A kobold comes into view.
You block the orc's attack.
The orc priest invokes the aid of Beogh against you.
Beogh smites you!
You die...

#... ...####.†....#
#....)...... #..#
#......###..############## #..#
#......# #...### #..#
##.....###.....# #..#
#.###.......#.# #).# #.#
###.##..#.#### .%.######.#
#.(..>......#
..ooo†..K.####.÷#####.##.#
#.######.......)@...#.##.# ..
##.####o.o...#.##.# ## #. #o#
#..##..#.##.# #. .. #o#
#.o##..#.##.#######. ## #.#
#o.##..#.##.........
#.####...................
#######.o.............########.
........####..........########.
######### #####.###...........


You could see an orc priest and 3 orcs.

Vanquished Creatures
  2 bullfrogs (Sewer)
  2 orc priests (D:3)
  Robin (D:1)
  A gnoll (D:2)
  6 adders
  An ooze (D:1)
  A worm (D:2)
  2 dart slugs (D:1)
  4 leopard geckos
  6 orcs (D:3)
  7 giant cockroaches
  17 goblins
  6 hobgoblins
  7 jackals
  8 ball pythons
  11 bats
  10 frilled lizards
  8 kobolds
  10 rats
110 creatures vanquished.

Notes
Turn   | Place    | Note
-------+----------+-------------------------------------------
     0 | D:1      | ANON1729 the Demonspawn Monk began the quest for the Orb.
     0 | D:1      | Reached XP level 1. HP: 18/18 MP: 1/1
   453 | D:1      | Gained mutation: You are partially covered in iridescent
                  | scales. (AC +2) [demonic ancestry]
   453 | D:1      | Reached XP level 2. HP: 22/24 MP: 2/2
   647 | D:1      | Gained mutation: You have a pair of small horns on your
                  | head. [demonic ancestry]
   647 | D:1      | Reached XP level 3. HP: 29/29 MP: 3/3
   937 | D:2      | Noticed Robin
  1236 | D:1      | Killed Robin
  1236 | D:1      | Reached XP level 4. HP: 30/36 MP: 4/4
  1909 | D:3      | Reached XP level 5. HP: 42/42 MP: 5/5
  2232 | D:3      | Found a glowing drain.
  2270 | Sewer    | Entered a sewer
  2630 | Sewer    | Reached XP level 6. HP: 49/49 MP: 6/6
  3048 | D:3      | Killed from afar by an orc priest

Skill      XL: |  1  2  3  4  5  6 |
---------------+-------------------+-----
Stealth        | 2 3 |  3.6
Polearms       | 3 |  3.5
Dodging        | 3 4 |  4.1
Fighting       | 4 |  4.9

Action                   |  1- 3 |  4- 6 || total
-------------------------+-------+-------++-------
Melee: Spear             |   171 |   287 ||   458
       Headbutt          |     5 |    20 ||    25
Evoke: Wand              |       |     3 ||     3
  Use: Potion            |       |     2 ||     2
       Scroll            |       |     1 ||     1
 Stab: Sleeping          |     7 |     8 ||    15
       Distracted        |       |     1 ||     1
  Eat: Chunk             |     1 |     7 ||     8
Armor: Robe              |    39 |    60 ||    99
       Skin              |       |    31 ||    31
Dodge: Dodged            |   108 |   150 ||   258
Block: Other             |       |     5 ||     5
